 Dungeon Crawl Stone Soup version 0.29-a0-356-g7bc237e783 (webtiles) character file.

Game seed: 6698780040482989711

67 Morbidden the Skirmisher (level 3, -1/29 HPs)
             Began as a Demonspawn Fighter on Apr 25, 2022.
             Splashed by a jelly's acid (5 damage)
             ... on level 3 of the Dungeon.
             The game lasted 00:01:31 (1725 turns).

Morbidden the Skirmisher (Demonspawn Fighter)       Turns: 1725, Time: 00:01:31

Health: -1/29      AC:  6    Str: 18    XL:     3   Next: 98%
Magic:  3/3        EV:  6    Int:  9    God:
Gold:   142        SH:  4    Dex: 12    Spells: 2/2 levels left

rFire   . . .      SeeInvis .   a - +0 war axe
rCold   . . .      Faith    .   c - +0 buckler
rNeg    . . .      Spirit   .   q - +0 chain mail
rPois   .          Reflect  .   (no helmet)
rElec   .          Harm     .   r - +0 cloak
rCorr   .          Rampage  .   (no gloves)
Will    .....                   (no boots)
Stlth   ..........              (no amulet)
HPRegen 0.09/turn               (no ring)
MPRegen 0.08/turn               (no ring)

@: corroded
A: powered by death 2
a: no special abilities


You were on level 3 of the Dungeon.
You visited 1 branch of the dungeon, and saw 3 of its levels.

You collected 142 gold pieces.

Inventory:

Hand Weapons
 a - a +0 war axe (weapon)
Armour
 c - a +0 buckler (worn)
 q - a +0 chain mail (worn)
 r - a +0 cloak (worn)
Scrolls
 b - 5 scrolls of identify {unknown}
 e - 2 scrolls of teleportation {unknown}
 j - a scroll of silence {unknown}
 k - 3 scrolls of fog {unknown}
 l - a scroll of noise {unknown}
 n - 2 scrolls of fear {unknown}
 p - 2 scrolls of blinking {unknown}
 s - a scroll of torment {unknown}
Potions
 d - a potion of might
 f - a potion of attraction {unknown}
 g - a potion of heal wounds {unknown}
 h - a potion of cancellation {unknown}
 i - a potion of magic {unknown}
 m - a potion of haste {unknown}
 o - a potion of invisibility {unknown}


   Skills:
 + Level 3.3 Fighting
 + Level 2.6 Axes
 + Level 3.3 Armour
 + Level 0.2 Dodging
 + Level 0.2 Stealth
 + Level 3.0 Shields


You had 2 spell levels left.
You didn't know any spells.
Your spell library contained the following spells:

 Spells                   Type           Power      Damage    Failure   Level
 Ensorcelled Hibernation  Hex/Ice        0%         N/A       100%        2
 Static Discharge         Conj/Air       0%         N/A       100%        2
 Spider Form              Tmut/Pois      0%         N/A       100%        3
 Anguish                  Hex/Necr       0%         N/A       100%        4
 Lightning Bolt           Conj/Air       0%         1d11      100%        5
 Maxwell's Capacitive Co  Air            0%         ∞         100%        8


Dungeon Overview and Level Annotations

Branches:
Dungeon (3/15)

Altars:
Vehumet


Innate Abilities, Weirdness & Mutations

You regenerate health from kills.


Message History

A jelly comes into view.
The jelly quivers.
The bat barely misses you. The bat hits you but does no damage.
You barely miss the bat.
The bat is severely wounded.
The bat hits you but does no damage.
You closely miss the bat.
The bat is severely wounded.
The bat barely misses you. The bat hits you but does no damage.
You slash the bat!
You kill the bat!
You hit the jelly but do no damage.
Your hands burn!
The jelly hits you but does no damage.
You hit the jelly.
Your hands burn!
The jelly is lightly wounded.
The jelly hits you. The acid corrodes you!
You are splashed with acid!
The jelly hits you but does no damage.
You are too injured to fight recklessly!
You are too injured to fight recklessly!
A jelly is nearby!
A jelly is nearby!
You are too injured to fight recklessly!
You are too injured to fight recklessly!
You are too injured to fight recklessly!
A jelly is nearby!
Unknown command.
You aren't carrying any items that you can evoke.
Unknown command.
You hit the jelly.
Your hands burn!
* * * LOW HITPOINT WARNING * * *
The jelly is moderately wounded.
The jelly hits you but does no damage.
Unknown command.
You hit the jelly but do no damage.
Your hands burn!
* * * LOW HITPOINT WARNING * * *
The jelly is moderately wounded.
The jelly hits you but does no damage.
Unknown command.
You hit the jelly but do no damage.
Your hands burn!
You die...

......#.# ..#.#.#†#
..### ......#.######
....# .............#
....# ....#....###.#
....# ...........#.#
....### ..####...#.#.#
.......
...........#.####J...#
#.####.#...#....@..#
#.####.#.#.#########
#....#.#.#... ♣.##.#.#
#. .♣# #.#. .# .# .♣
#)#.#.# ###.# .♣
♣#.#.#.# ..#.# ♣♣
♣♣..#.#.# #.#.## ♣
♣.♣.#.#.# #....#


You could see a jelly.

Vanquished Creatures
  2 adders (D:2)
  A worm (D:1)
  An orc (D:3)
  3 endoplasms
  A giant cockroach (D:3)
  7 goblins
  2 hobgoblins (D:1)
  2 jackals (D:1)
  2 quokkas (D:1)
  6 ball pythons
  4 bats
  4 frilled lizards (D:2)
  2 kobolds (D:2)
  6 rats
43 creatures vanquished.

Notes
Turn   | Place    | Note
-------+----------+-------------------------------------------
     0 | D:1      | Morbidden the Demonspawn Fighter began the quest for the
                  | Orb.
     0 | D:1      | Reached XP level 1. HP: 18/18 MP: 1/1
   254 | D:1      | Gained mutation: You regenerate a little health from kills.
                  | [demonic ancestry]
   254 | D:1      | Reached XP level 2. HP: 24/24 MP: 2/2
  1158 | D:2      | Gained mutation: You regenerate health from kills. [demonic
                  | ancestry]
  1158 | D:2      | Reached XP level 3. HP: 29/29 MP: 3/3
  1281 | D:2      | Found a radiant altar of Vehumet.
  1666 | D:3      | Found a faded altar of an unknown god.
  1725 | D:3      | Splashed by a jelly's acid

Illustrated notes

Levels and vault maps discovered:
D:1:      heliophobic_arrival_dark_side_of_the_moon, layout_basic,
          minmay_shallow_snake_nest
D:2:      layout_rooms, basic_altar
D:3:      layout_basic, lemuel_doored_altar,
          shapermc_ecumenical_altar_totnotflames

Skill      XL: |  1  2  3 |
---------------+----------+-----
Axes           | 2 |  2.6
Armour         | 3 |  3.3
Shields        | 3 |  3.0
Fighting       | |  3.3
Dodging        | |  0.2
Stealth        | |  0.2

Action                   || total
-------------------------++-------
Melee: War axe           ||   122
Armor: Scale mail        ||    51
       Chain mail        ||    39
Dodge: Dodged            ||    55
Block: Buckler           ||    23

Table legend: (Time is in decaauts)
 A = Elapsed time spent in this place.
 B = Non-inter-level travel time spent in this place.
 C = Inter-level travel time spent in this place.
 D = Time resting spent in this place.
 E = Time spent auto-exploring this place.
 F = Levels seen in this place.
 G = Mean time per level.
                   A        B        C        D        E       F      G
               +--------+--------+--------+--------+--------+-----+--------+
         Total |   1777 |   1769 |      8 |    105 |   1309 |   3 |  592.3 |
       Dungeon |   1777 |   1769 |      8 |    105 |   1309 |   3 |  592.3 |
               +--------+--------+--------+--------+--------+-----+--------+

Top non-repeatable levels by time:
     D:1: 1158 daAuts
     D:2: 500 daAuts
     D:3: 118 daAuts
